 Dungeon Crawl Stone Soup version 0.27.1-33-g824d729ab1 (webtiles) character file.

Game seed: 18341491619022011945

51 Gabide the Skirmisher (level 3, -1/29 HPs)
             Began as a Demonspawn Monk on Nov 29, 2021.
             Slain by an iguana (12 damage)
             ... on level 3 of the Dungeon.
             The game lasted 00:04:39 (2508 turns).

Gabide the Skirmisher (Demonspawn Monk)             Turns: 2508, Time: 00:04:40

Health: -1/29      AC:  3    Str: 12    XL:     3   Next: 57%
Magic:  12/12      EV: 13    Int: 11    God:
Gold:   530        SH:  4    Dex: 15    Spells: 2/2 levels left

rFire    . . .     SeeInvis .     - Unarmed
rCold    . . .     Faith    .   (no shield)
rNeg     . . .     Spirit   .   a - +0 robe
rPois    .         Reflect  .   (no helmet)
rElec    .         Harm     .   (no cloak)
rCorr    .         Rampage  .   (no gloves)
Will     .....                  d - +0 pair of boots
Stlth    ++........             (no amulet)
HPRegen  0.09/turn              g - ring of magical power
MPRegen  0.13/turn              (no ring)

@: no status effects
A: large bone plates 1
a: no special abilities


You were on level 3 of the Dungeon.
You visited 1 branch of the dungeon, and saw 3 of its levels.

You collected 530 gold pieces.

Inventory:

Armour
 a - a +0 robe (worn)
 d - a +0 pair of boots (worn)
Jewellery
 g - a ring of magical power (left hand)
Scrolls
 k - a scroll of teleportation {unknown}
Potions
 i - 2 potions of curing {unknown}
 j - a potion of brilliance {unknown}


   Skills:
 + Level 3.4 Fighting
 + Level 3.1 Dodging
 + Level 2.4 Stealth
 + Level 0.2 Shields
 + Level 3.2 Unarmed Combat


You had 2 spell levels left.
You didn't know any spells.
Your spell library was empty.

Dungeon Overview and Level Annotations

Branches:
Dungeon (3/15)

Altars:


Innate Abilities, Weirdness & Mutations

You are partially covered in large bone plates. (SH +4)


Message History

You are too injured to fight recklessly!
You are too injured to fight recklessly!
You are too injured to fight recklessly!
You are too injured to fight recklessly!
You are too injured to fight recklessly!
You are too injured to fight recklessly!
You are too injured to fight recklessly!
You are too injured to fight recklessly!
You are too injured to fight recklessly!
You are too injured to fight recklessly!
You are too injured to fight recklessly!
You are too injured to fight recklessly!
You hit the iguana but do no damage.
The iguana is moderately wounded.
The iguana barely misses you.
You hit the iguana.
The iguana is severely wounded.
The iguana barely misses you.
You closely miss the iguana.
The iguana is severely wounded.
The iguana closely misses you.
You barely miss the iguana.
The iguana is severely wounded.
You block the iguana's attack.
You hit the iguana but do no damage.
The iguana is severely wounded.
The iguana completely misses you.
You barely miss the iguana.
The iguana is severely wounded.
The iguana misses you.
You hit the iguana.
The iguana is severely wounded.
The iguana bites you but does no damage.
You hit the iguana.
The iguana is severely wounded.
The iguana bites you.
You barely miss the iguana.
The iguana is severely wounded.
The iguana bites you!
You die...

#....# ....... #.####
#..#................ #.#
#..#.##............. #.#
#..#.##.....[....... .#.#
..#..#.##............
.#†####..#..#.##...........
.....##..#..............#####
.....##..#...................
.....##..#.<....@l......#
............#.###.......#
...........(..# #.......#
............### #...$...#
#####.......# #.......#
#.......# #.......# #.......#
#.......# ######### #....(..#


You could see an iguana.

Vanquished Creatures
  An adder (D:3)
  A dart slug (D:2)
  7 endoplasms
  A giant cockroach (D:2)
  4 goblins
  3 hobgoblins
  2 kobolds
  A quokka (D:1)
  5 ball pythons
  3 bats
  4 frilled lizards
  6 rats
38 creatures vanquished.

Notes
Turn   | Place    | Note
-------+----------+-------------------------------------------
     0 | D:1      | Gabide the Demonspawn Monk began the quest for the Orb.
     0 | D:1      | Reached XP level 1. HP: 18/18 MP: 1/1
   311 | D:1      | Gained mutation: You are partially covered in large bone
                  | plates. (SH +4) [demonic ancestry]
   311 | D:1      | Reached XP level 2. HP: 14/24 MP: 2/2
   965 | D:1      | Found a faded altar of an unknown god.
  1352 | D:2      | Reached XP level 3. HP: 18/29 MP: 3/3
  2098 | D:2      | Identified a scroll of acquirement
  2098 | D:2      | Acquired 464 gold pieces
  2508 | D:3      | Slain by an iguana

Illustrated notes

Levels and vault maps discovered:
D:1:      roderic_octagonal_star, layout_loops_ring,
          ebering_ecumenical_altar_hall
D:2:      layout_basic
D:3:      layout_basic, general_overflow_altar

Skill      XL: |  1  2 |
---------------+-------+-----
Dodging        | 3 |  3.1
Stealth        | 2 |  2.4
Unarmed Combat | 3 |  3.2
Fighting       | |  3.4
Shields        | |  0.2

Action                   || total
-------------------------++-------
Melee: Unarmed           ||   156
       Punch             ||     1
  Use: Scroll            ||     6
 Stab: Sleeping          ||     8
Armor: Robe              ||    35
Dodge: Dodged            ||    97
Block: Other             ||    21
